 Dungeon Crawl Stone Soup version 0.31.0-11-ge490571c62 (webtiles) character file.

Game seed: 9765306599274239976

56 qw the Shooter (level 3, -3/20 HPs)
             Began as a Deep Elf Hunter on Feb 4, 2024.
             Killed by nerve-wracking pain
             ... invoked by Grinder
              (5 damage)
             ... on level 4 of the Dungeon.
             The game lasted 00:00:07 (1953 turns).

qw the Shooter (Deep Elf Hunter)                    Turns: 1953, Time: 00:00:08

Health: -3/20      AC:  2    Str: 14    XL:     3   Next: 69%
Magic:  5/5        EV: 13    Int: 13    God:
Gold:   98         SH:  0    Dex: 20    Spells: 2/2 levels left

rFire   + . .        a - +0 shortbow
rCold   + . .        (shield currently unavailable)
rNeg    . . .        b - +0 robe {rC+ rF+}
rPois   .            (no helmet)
rElec   .            (no cloak)
rCorr   .            (no gloves)
SInv    .            (no boots)
Will    .....        c - amulet of the acrobat
Stlth   ++           h - +6 ring of strength
HPRegen 0.23/turn    (no ring)
MPRegen 0.09/turn

%: acrobat
@: about to teleport
A: no striking features
a: no special abilities


You were on level 4 of the Dungeon.
You visited 1 branch of the dungeon, and saw 4 of its levels.

You collected 167 gold pieces.
You spent 69 gold pieces at shops.


   Skills:
 - Level 1.5 Fighting
 - Level 7.1 Ranged Weapons
 + Level 2.6 Dodging
 - Level 1.2 Stealth


You had 2 spell levels left.
You didn't know any spells.
Your spell library was empty.

Inventory:

Hand Weapons
 a - a +0 shortbow (weapon)
Armour
 b - a +0 robe of resistance (worn)
 f - a +0 ring mail
Jewellery
 c - an amulet of the acrobat (around neck)
 h - a +6 ring of strength (left hand)
Potions
 d - 2 potions of curing
 j - a potion of haste {unknown}

Dungeon Overview and Level Annotations

Branches:
Dungeon (4/15)
 Temple: D:4-7

Altars:

Shops:
D:2 *

Annotations:
D:3 3 runed translucent doors, qw's ghost, amateur DEHu
D:4 Grinder


Message History

You shoot an arrow. The arrow closely misses Grinder.
You shoot an arrow.
The arrow hits Grinder but does no damage.
Grinder is lightly wounded.
You shoot an arrow. The arrow hits Grinder.
Grinder is moderately wounded.
You shoot an arrow. The arrow barely misses Grinder.
Grinder gestures at you.
You suddenly lose the ability to move!
You can move again.
You shoot an arrow. The arrow closely misses Grinder.
You shoot an arrow. The arrow hits Grinder!
Grinder is heavily wounded.
Grinder barely misses you.
You shoot an arrow.
The arrow hits Grinder but does no damage.
Grinder is heavily wounded.
Grinder barely misses you.
You shoot an arrow.
The arrow hits Grinder but does no damage.
Grinder is heavily wounded.
Grinder closely misses you.
You shoot an arrow. The arrow hits Grinder!
Grinder is severely wounded.
Grinder hits you.
You writhe in agony.
You shoot an arrow. The arrow hits Grinder!
Grinder is almost dead.
Grinder gestures at you.
You suddenly lose the ability to move!
Grinder hits you!
You writhe in agony.
You can move again.
1952 ||| READING scroll of teleportation.
As you read the scroll of teleportation, it crumbles to dust.
You feel strangely unstable. Grinder closely misses you.
You shoot an arrow. The arrow closely misses Grinder.
Grinder gestures at you. Pain shoots through your body!
You die...
Grinder says, "Hey, I wasn't done torturing you yet!"

#.# #.# #.#
#.. ..# #.#
#5# #@#
#............
#.....#......
#............
#..>... .....
####.........
..... ....
##........


You could see Grinder.

Vanquished Creatures
  2 adders
  A dart slug (D:1)
  A ribbon worm (D:2)
  An orc (D:3)
  4 bats
  2 endoplasms
  A giant cockroach (D:1)
  4 goblins
  2 hobgoblins
  2 quokkas
  4 ball pythons
  2 frilled lizards (D:1)
  3 kobolds
  2 rats
31 creatures vanquished.

Notes
Turn   | Place    | Note
-------+----------+-------------------------------------------
     0 | D:1      | qw the Deep Elf Hunter began the quest for the Orb.
     0 | D:1      | Reached XP level 1. HP: 12/12 MP: 3/3
     0 | D:1      | 0 ||| qw: Version: 0.3-a-160-g6735b56
     0 | D:1      | 0 ||| qw: Game counter: 5605
     0 | D:1      | 0 ||| qw: Melee chars always use a shield: true
     0 | D:1      | 0 ||| qw: God list: Okawaru
     0 | D:1      | 0 ||| qw: Allow faded altars: false
     0 | D:1      | 0 ||| qw: Do Orc after clearing Dungeon:15 true
     0 | D:1      | 0 ||| qw: Do second Lair branch before Depths: true
     0 | D:1      | 0 ||| qw: Lair rune preference: random
     0 | D:1      | 0 ||| qw: Goals: Normal
     0 | D:1      | 0 ||| PLANNING D:1-11
   255 | D:1      | Reached skill level 6 in Ranged Weapons
   255 | D:1      | Reached XP level 2. HP: 16/16 MP: 4/4
   598 | D:1      | 598 ||| READING 2 scrolls labelled FYEPPOKONK.
   598 | D:1      | 598 ||| IDENTIFYING grey potion
   599 | D:1      | 599 ||| READING scroll of identify.
   599 | D:1      | 599 ||| IDENTIFYING bubbling red potion
   600 | D:1      | 600 ||| DROPPING scroll of butterflies.
   601 | D:1      | 601 ||| DROPPING potion of attraction.
   670 | D:2      | Found Wiaroent's Assorted Antiques.
   673 | D:2      | 673 ||| SHOPLISTING jade ring (115 gold, have 82).
   673 | D:2      | 673 ||| BUYING potion of curing (69 gold).
   673 | D:2      | Bought a potion of curing for 69 gold pieces
   673 | D:2      | 673 ||| SHOPLISTING scroll labelled FISTRO GOICK (23 gold,
                  | have 13).
   673 | D:2      | 673 ||| SHOPLISTING scroll labelled KAFEN WYNOARY (23 gold,
                  | have 13).
   673 | D:2      | 673 ||| SHOPLISTING scroll labelled UPTASS FAXUD (23 gold,
                  | have 13).
   673 | D:2      | 673 ||| SHOPLISTING scroll of identify (46 gold, have 13).
   841 | D:2      | 841 ||| UPGRADING to +0 ring mail.
   850 | D:2      | 850 ||| UPGRADING to +0 ring mail.
   860 | D:2      | 860 ||| DROPPING +0 leather armour.
   862 | D:2      | 862 ||| UPGRADING to +6 ring of strength.
   863 | D:2      | 863 ||| READING 2 scrolls labelled EMOTUTOALI.
   958 | D:2      | 958 ||| READING scroll labelled DIOD SEUHOENEKHO.
   959 | D:2      | 959 ||| READING scroll labelled CYKHI XAHA.
   960 | D:2      | 960 ||| DROPPING scroll of vulnerability.
  1091 | D:2      | 1091 ||| READING scroll labelled UPTASS FAXUD.
  1157 | D:2      | 1157 ||| UPGRADING to +0 robe of resistance.
  1189 | D:2      | Reached XP level 3. HP: 12/20 MP: 5/5
  1249 | D:2      | 1249 ||| UPGRADING to amulet of the acrobat.
  1570 | D:3      | Reached skill level 7 in Ranged Weapons
  1586 | D:3      | Found a runed translucent gate.
  1586 | D:3      | Found a runed translucent gate.
  1586 | D:3      | Found a runed translucent gate.
  1600 | D:3      | Noticed qw's ghost (amateur DEHu)
  1924 | D:3      | 1924 ||| READING scroll labelled FISTRO GOICK.
  1925 | D:3      | 1925 ||| READING scroll labelled DEV BORORAI.
  1938 | D:4      | Noticed Grinder
  1943 | D:4      | Paralysed by Grinder for 2 turns
  1950 | D:4      | Paralysed by Grinder for 2 turns
  1951 | D:4      | HP: 2/20 [Grinder (9)]
  1952 | D:4      | 1952 ||| READING scroll of teleportation.
  1953 | D:4      | Killed from afar by Grinder

Levels and vault maps discovered:
D:1:      scummos_arrival_star, layout_basic, st_stairs_14
D:2:      layout_rooms, serial_shops, shop, minmay_puff
D:3:      layout_basic, ebering_ghost_rock_garden
D:4:      layout_rooms, moated_statue, kennysheep_generic_room_6, uniq_grinder

Skill      XL: |  1  2  3 |
---------------+----------+-----
Ranged Weapons | 6 7 |  7.1
Fighting       | |  1.5
Dodging        | |  2.6
Stealth        | |  1.2

Action                     || total
---------------------------++-------
   Fire: Shortbow          ||   111
    Use: Scroll            ||     9
 Armour: Leather armour    ||     8
         Robe              ||    10
         Ring mail         ||     2
  Dodge: Dodged            ||    36

Table legend:
 A = Non-vault XP
 B = Vault XP
 C = Vault XP percentage of total XP
 D = Non-vault monster count
 E = Vault monster count
 F = Vault count percentage of total count
                 A         B        C        D         E       F
            +---------+---------+-------+---------+---------+-------
      Total |      60 |      20 |  25.0 |      26 |       5 |  16.1
            +---------+---------+-------+---------+---------+-------
        D:1 |      21 |       1 |   4.5 |      12 |       1 |   7.7
        D:2 |      14 |      19 |  57.6 |       7 |       4 |  36.4
        D:3 |      25 |       0 |   0.0 |       7 |       0 |   0.0
            +---------+---------+-------+---------+---------+-------
